[Event "Saturday Night Round Robin Blitz 3m+1s Starts at 2200hrs ST"]
[Site "Infinity Chess"]
[Date "2018.4.29"]
[Round "11"]
[White "Chapi1958"]
[Black "BlitzMaster"]
[Result "0-1 "]
[ECO "C77"]
[WhiteElo "2400"]
[BlackElo "2545"]
[WhiteEngine "stockfish_9_x64_CTG"]
[BlackEngine "asmFishW_2018-04-11_popcnt"]
[EventType "Round Robin"]
[WhiteTeam ""]
[BlackTeam ""]
[PlyCount "152"]
[TimeControl "180+1"]

1. e4 e5 2. Nf3 Nc6 3. Bb5 a6 4. Ba4 Nf6 5. O-O Be7 6. Re1 b5 7. Bb3 O-O 
8. h3 Bb7 9. d3 d5 10. exd5 Nxd5 11. Nxe5 Nd4 12. Nc3 Nb4 13. Ne4 Nxb3 
14. axb3 Qd5 15. Nf3 f5 16. Ng3 Qd7 17. Kh2 c5 18. Bd2 Bxf3 19. gxf3 Bf6 
20. Bc3 Bd4 21. Qe2 Qd6 22. Qe7 Qd5 23. Bxd4 Qxd4 24. Re2 Rf7 25. Qg5 h6 
26. Qc1 Qh4 27. Re6 Kh7 28. Kg2 Qd4 29. h4 Qd5 30. Re1 Rf6 31. h5 Raf8 
32. Qd1 f4 33. Ne4 Re6 34. Rh1 Rf5 35. Qd2 Rxh5 36. Rag1 Rf5 37. Kf1 Nc6 
38. Rh4 Nd4 39. Qd1 g5 40. Rh2 Kg7 41. Rh3 Rfe5 42. Kg2 Rg6 43. Kh2 Re7 
44. Kg2 Qe5 45. Kh2 Nc6 46. Qa1 Nd4 47. Qd1 Qf5 48. Re1 Qe6 49. Rg1 Qe5 
50. c3 Nc6 51. Re1 Qd5 52. Kg2 Rd7 53. Qe2 Re6 54. Rhh1 Ne7 55. Qc2 Qc6 
56. Rh5 Ng6 57. Rd1 Ne5 58. c4 b4 59. Qe2 Rd4 60. Kf1 Re8 61. Kg2 Qg6 
62. Rdh1 g4 63. Rxe5 gxf3+ 64. Kxf3 Rxe5 65. Rh4 h5 66. Rxf4 Re7 67. Qe3 Red7 
68. Ke2 Rxd3 69. Qxd3 Rxd3 70. Kxd3 Qe6 71. Rh4 Qe5 72. Kc2 Kg6 73. Kb1 Qd4 
74. Kc2 a5 75. f3 a4 76. Rh2 axb3+ 0-1

[Event "Saturday Night Round Robin Blitz 3m+1s Starts at 2200hrs ST"]
[Site "Infinity Chess"]
[Date "2018.4.29"]
[Round "11"]
[White "klasman"]
[Black "Gilgamesch"]
[Result "1/2-1/2"]
[ECO "D02"]
[WhiteElo "2487"]
[BlackElo "2543"]
[WhiteEngine "asmFishW_2018-04-11_popcnt_CTG"]
[BlackEngine "BrainFish_180408_x64_bmi2"]
[EventType "Round Robin"]
[WhiteTeam ""]
[BlackTeam ""]
[PlyCount "65"]
[TimeControl "180+1"]

1. d4 d5 2. Nf3 Nf6 3. c4 e6 4. Nc3 c6 5. Bg5 h6 6. Bxf6 Qxf6 7. e3 Nd7 
8. Bd3 g6 9. Rc1 dxc4 10. Bxc4 Bg7 11. Ne4 Qe7 12. O-O O-O 13. Bb3 b6 
14. Ba4 Nb8 15. Ne5 c5 16. Qg4 Bb7 17. Rfd1 Rd8 18. a3 cxd4 19. exd4 Na6 
20. Bc6 Nc5 21. Bxb7 Qxb7 22. Nxc5 bxc5 23. Rxc5 Bxe5 24. Rxe5 Qxb2 
25. Rxe6 fxe6 26. Qxg6+ Kf8 27. Qf6+ Kg8 28. Qxe6+ Kg7 29. Qe5+ Kg6 30. Qe6+ Kg7 
31. Qe5+ Kg6 32. Qe4+ Kg7 33. Qe5+ 1/2-1/2

[Event "Saturday Night Round Robin Blitz 3m+1s Starts at 2200hrs ST"]
[Site "Infinity Chess"]
[Date "2018.4.29"]
[Round "11"]
[White "beka"]
[Black "aleks"]
[Result "0-1"]
[ECO "B90"]
[WhiteElo "2346"]
[BlackElo "2470"]
[WhiteEngine "asmFishW_2018-04-24_base"]
[BlackEngine "stockfish_9_x64_popcnt_CTG"]
[EventType "Round Robin"]
[WhiteTeam ""]
[BlackTeam ""]
[PlyCount "244"]
[TimeControl "180+1"]

1. e4 c5 2. Nf3 d6 3. d4 cxd4 4. Nxd4 Nf6 5. Nc3 a6 6. a4 e5 7. Nf3 Be7 
8. Bg5 Be6 9. Bxf6 Bxf6 10. Nd5 Nd7 11. Bc4 Rc8 12. Qd3 Nb6 13. Nxf6+ Qxf6 
14. Bxe6 Qxe6 15. O-O O-O 16. Rfd1 Rc6 17. c3 Nd7 18. h3 Nc5 19. Qe2 f5 
20. Nd2 f4 21. a5 Qg6 22. f3 Rfc8 23. Ra3 Nd7 24. Nb3 Qe6 25. Nc1 Nf6 
26. Nd3 Rd8 27. Nb4 Rc5 28. Qc2 Rd7 29. Nd3 Rcc7 30. Nb4 Rc5 31. Nd3 Rcc7 
32. Rb3 Kf8 33. Rb4 Qa2 34. Qb3 Qxb3 35. Rxb3 g5 36. Rc1 Rc4 37. Rb6 Ke7 
38. b3 Rc6 39. Rxc6 bxc6 40. b4 Rb7 41. Kf1 Nd7 42. Ke2 h5 43. Rd1 Nf8 
44. Nb2 Rb8 45. Kd3 Ne6 46. Kc2 Nc7 47. Rh1 Rg8 48. Nd3 Ne6 49. Kb3 Kf6 
50. Kc2 Rc8 51. Rd1 Rd8 52. Nf2 Ke7 53. Nd3 Rb8 54. Rb1 Rc8 55. Rh1 c5 
56. bxc5 Nxc5 57. Nb4 Rg8 58. Nd5+ Ke6 59. Nc7+ Kd7 60. Nd5 Ke6 61. Nb6 Rg6 
62. Nd5 Rg7 63. Kd1 Nb7 64. Ke2 g4 65. hxg4 hxg4 66. Rh8 Nxa5 67. Ra8 Nb3 
68. Rxa6 Rb7 69. Ra8 Nc5 70. Nb4 g3 71. Rh8 Kf7 72. Rd8 Rd7 73. Ra8 Kg6 
74. Rg8+ Rg7 75. Rd8 Nb7 76. Rh8 Nc5 77. Nc2 Ra7 78. Rd8 Rd7 79. Rg8+ Kf6 
80. Rf8+ Kg7 81. Ra8 Rf7 82. Nb4 Rf8 83. Rxf8 Kxf8 84. Nd3 Ne6 85. Ne1 Ke7 
86. Kd3 Kd7 87. Kc4 Kc6 88. Nd3 Ng5 89. Ne1 Ne6 90. Nc2 Ng5 91. Ne1 Kc7 
92. Kb4 Kd7 93. Kb5 Kc7 94. Kb4 Kb6 95. c4 Kc6 96. Kc3 Kb6 97. Kb4 Ne6 
98. Nc2 Nc5 99. Kc3 Ka5 100. Ne1 Ka4 101. Nc2 Ne6 102. Ne1 Ka3 103. Nc2+ Ka2 
104. Nb4+ Kb1 105. Kd3 Nd4 106. Nd5 Nxf3 107. Nf6 Ne1+ 108. Ke2 Nxg2 
109. Nh7 Nh4 110. c5 f3+ 111. Ke3 f2 112. Ke2 Nf3 113. Kxf3 f1=Q+ 114. Kxg3 Qf4+ 
115. Kh3 dxc5 116. Kg2 c4 117. Ng5 Qxg5+ 118. Kh3 c3 119. Kh2 c2 120. Kh3 c1=Q 
121. Kh2 Qgg1+ 122. Kh3 Qh6# 0-1

[Event "Saturday Night Round Robin Blitz 3m+1s Starts at 2200hrs ST"]
[Site "Infinity Chess"]
[Date "2018.4.29"]
[Round "11"]
[White "ocirema"]
[Black "HerzsjeMZ"]
[Result "1/2-1/2"]
[ECO "C77"]
[WhiteElo "2461"]
[BlackElo "2516"]
[WhiteEngine "asmFishW_2018-04-25_popcnt"]
[BlackEngine "SugaR.XPrO.1.4.64.POCNT"]
[EventType "Round Robin"]
[WhiteTeam ""]
[BlackTeam ""]
[PlyCount "98"]
[TimeControl "180+1"]

1. e4 e5 2. Nf3 Nc6 3. Bb5 a6 4. Ba4 Nf6 5. O-O Be7 6. Re1 b5 7. Bb3 O-O 
8. a4 b4 9. a5 d6 10. d3 Be6 11. Bxe6 fxe6 12. Nbd2 h6 13. c3 Rb8 14. d4 Qe8 
15. Qe2 Rb5 16. dxe5 dxe5 17. Nc4 Bc5 18. Bd2 Qg6 19. h3 Nh5 20. Kh2 Qf6 
21. Red1 Rf7 22. Rab1 Nf4 23. Bxf4 Qxf4+ 24. Kh1 g5 25. cxb4 Bxb4 26. Rd3 Kg7 
27. Rbd1 Nxa5 28. Nxa5 Bxa5 29. Rd7 Bb4 30. g3 Qf6 31. h4 gxh4 32. Nxh4 Bd6 
33. Rxf7+ Qxf7 34. Kg2 Rb4 35. Ra1 Qg8 36. Ra3 Kf6 37. Kg1 Qh7 38. Re3 a5 
39. b3 h5 40. Qd1 Rb8 41. Kg2 Ke7 42. Qd2 Ra8 43. Re1 Qg7 44. Ra1 Qg4 
45. Qc2 Rg8 46. Kh2 Ra8 47. Kg2 Rg8 48. Rh1 Rf8 49. Ra1 Rg8 1/2-1/2

[Event "Saturday Night Round Robin Blitz 3m+1s Starts at 2200hrs ST"]
[Site "Infinity Chess"]
[Date "2018.4.29"]
[Round "11"]
[White "kolelo"]
[Black "star99"]
[Result "1/2-1/2"]
[ECO "C42"]
[WhiteElo "2475"]
[BlackElo "2492"]
[WhiteEngine "stockfish_9_x64_popcnt"]
[BlackEngine "Cryptic Heroes 9.4B"]
[EventType "Round Robin"]
[WhiteTeam ""]
[BlackTeam ""]
[PlyCount "127"]
[TimeControl "180+1"]

1. e4 e5 2. Nf3 Nf6 3. Nxe5 d6 4. Nf3 Nxe4 5. d4 d5 6. Bd3 Nc6 7. Nbd2 Nd6 
8. c3 Bf5 9. Nf1 Bxd3 10. Qxd3 g6 11. Bf4 Bg7 12. Ne3 Ne7 13. Qe2 O-O 
14. h4 Nef5 15. Nxd5 Re8 16. Ne3 Qf6 17. Be5 Qe6 18. O-O Nxe3 19. fxe3 Re7 
20. Bf4 Qg4 21. Rae1 Rae8 22. g3 Ne4 23. Nd2 Qd7 24. Nxe4 Rxe4 25. Rf2 Bf8 
26. Qd2 a5 27. Be5 Bh6 28. Bf4 Bxf4 29. Rxf4 a4 30. a3 R8e7 31. Qf2 Qe8 
32. Rxe4 Rxe4 33. Qf3 h5 34. Kg2 Qe6 35. Qe2 Qe7 36. Kh3 Qd7+ 37. Kg2 Qe6 
38. Kf2 Kg7 39. Rh1 c6 40. Qf3 b5 41. Rc1 Kf8 42. Rd1 Kg8 43. Rh1 Kg7 
44. Rd1 Kh6 45. Rd3 Kh7 46. Kg2 Kg7 47. Qf2 Rxh4 48. gxh4 Qe4+ 49. Kh3 Qxd3 
50. Qf4 Qc4 51. Kg3 Qe6 52. e4 Qf6 53. Qc1 Kg8 54. Qd1 g5 55. Qxh5 Qf4+ 
56. Kh3 Qe3+ 57. Kg4 Qf4+ 58. Kh3 Qf1+ 59. Kh2 Qf2+ 60. Kh3 Qf1+ 61. Kh2 Qf2+ 
62. Kh3 Qe3+ 63. Kg4 Qf4+ 64. Kh3 1/2-1/2

[Event "Saturday Night Round Robin Blitz 3m+1s Starts at 2200hrs ST"]
[Site "Infinity Chess"]
[Date "2018.4.29"]
[Round "11"]
[White "Dovahkiin"]
[Black "coreoptimist"]
[Result "0-1"]
[ECO "C55"]
[WhiteElo "2476"]
[BlackElo "2540"]
[WhiteEngine "BrainFish_180423_x64_modern_CTG"]
[BlackEngine "asmFishW_2018-04-25_bmi2_CTG"]
[EventType "Round Robin"]
[WhiteTeam ""]
[BlackTeam ""]
[PlyCount "78"]
[TimeControl "180+1"]

1. e4 e5 2. Nf3 Nc6 3. Bc4 Nf6 4. d3 Bc5 5. O-O d6 6. c3 O-O 7. Bg5 a5 
8. Nbd2 Ba7 9. Bh4 h6 10. a3 g5 11. Bg3 Kg7 12. Re1 Rb8 13. Nf1 b5 14. Ba2 Bg4 
15. b4 Bh5 16. Ne3 Bg6 17. h3 Bb6 18. Qd2 Qd7 19. Bb3 Ra8 20. Rac1 Rfc8 
21. Nd5 Nxd5 22. Bxd5 Bh5 23. Nxg5 hxg5 24. Qxg5+ Bg6 25. Bh4 axb4 26. axb4 Ra3 
27. d4 Ne7 28. Qf6+ Kg8 29. Qxe7 Qxe7 30. Bxe7 c6 31. dxe5 dxe5 32. Rcd1 Ra7 
33. Bh4 cxd5 34. Rxd5 Rxc3 35. Rxb5 Rc6 36. Rxe5 Ra2 37. Re8+ Kh7 38. g4 Rcc2 
39. Rf1 Bd4 0-1

[Event "Saturday Night Round Robin Blitz 3m+1s Starts at 2200hrs ST"]
[Site "Infinity Chess"]
[Date "2018.4.28"]
[Round "10"]
[White "star99"]
[Black "Dovahkiin"]
[Result "1/2-1/2"]
[ECO "D31"]
[WhiteElo "2493"]
[BlackElo "2475"]
[WhiteEngine "Cryptic Heroes 9.4B"]
[BlackEngine "BrainFish_180423_x64_modern_CTG"]
[EventType "Round Robin"]
[WhiteTeam ""]
[BlackTeam ""]
[PlyCount "86"]
[TimeControl "180+1"]

1. d4 d5 2. c4 e6 3. Nc3 c6 4. e4 dxe4 5. Nxe4 Bb4+ 6. Bd2 Qxd4 7. Bxb4 Qxe4+ 
8. Ne2 Na6 9. Bf8 Ne7 10. Bxg7 Nb4 11. Qd6 Nd3+ 12. Kd2 Nf5 13. Qxd3 Qxd3+ 
14. Kxd3 Nxg7 15. Kc3 b6 16. g3 Bb7 17. Bg2 O-O-O 18. b4 Kc7 19. Nf4 f6 
20. Rhe1 e5 21. Nd3 Rd4 22. f4 Rhd8 23. Rad1 Ba6 24. fxe5 Rxc4+ 25. Kb3 Ne6 
26. exf6 Nd4+ 27. Kb2 Rc2+ 28. Kb1 Bxd3 29. Re7+ Kb8 30. Rxd3 Rxg2 31. f7 Rf2 
32. Re8 Rc8 33. Rxd4 Rxf7 34. Rxc8+ Kxc8 35. Rh4 Kc7 36. a4 a5 37. bxa5 bxa5 
38. Kc2 Kb6 39. Rh5 Rf2+ 40. Kb3 Rf3+ 41. Kc2 Rf2+ 42. Kb1 Rf1+ 43. Kc2 Rf2+ 
1/2-1/2

[Event "Saturday Night Round Robin Blitz 3m+1s Starts at 2200hrs ST"]
[Site "Infinity Chess"]
[Date "2018.4.28"]
[Round "10"]
[White "HerzsjeMZ"]
[Black "kolelo"]
[Result "1-0"]
[ECO "C55"]
[WhiteElo "2500"]
[BlackElo "2491"]
[WhiteEngine "SugaR.XPrO.1.4.64.POCNT"]
[BlackEngine "stockfish_9_x64_popcnt"]
[EventType "Round Robin"]
[WhiteTeam ""]
[BlackTeam ""]
[PlyCount "167"]
[TimeControl "180+1"]

1. e4 e5 2. Nf3 Nc6 3. Bc4 Nf6 4. d3 Bc5 5. c3 O-O 6. O-O d6 7. h3 a5 8. Re1 h6 
9. Bb3 Bd7 10. d4 Ba7 11. Be3 Re8 12. Nbd2 exd4 13. Nxd4 Ne5 14. Bc2 b5 
15. f4 Ng6 16. Qf3 a4 17. Bf2 c6 18. Kh1 Qc8 19. Bg3 Bb8 20. Rad1 c5 21. Nf5 Bc6 
22. c4 Qb7 23. Qf2 b4 24. Kg1 Qa7 25. Ne3 Bc7 26. Nd5 Bd8 27. Qf3 Qb7 28. Nf1 b3 
29. axb3 axb3 30. Bb1 Ra4 31. Nd2 Nf8 32. Kh1 Ra6 33. Re3 Ne6 34. Nxb3 Ba4 
35. Bc2 Qa7 36. Ree1 Bxb3 37. Qxb3 Nh5 38. Bb1 Nxg3+ 39. Qxg3 Qb8 40. Qf2 Qb3 
41. Rc1 Nd4 42. Re3 Qb8 43. Rf1 Ra7 44. b4 cxb4 45. Rg3 Ne6 46. e5 dxe5 
47. f5 Ng5 48. h4 e4 49. f6 Bxf6 50. Nxf6+ gxf6 51. hxg5 fxg5 52. Rg4 Ree7 
53. Rxe4 Rxe4 54. Bxe4 Re7 55. Bd5 Qf4 56. Qxf4 gxf4 57. Rb1 Kf8 58. Rxb4 Kg7 
59. c5 Re1+ 60. Kh2 Re5 61. Rd4 f3 62. gxf3 Re2+ 63. Kg3 Re8 64. c6 Rc8 
65. Rf4 f5 66. Rxf5 Kg6 67. Rf7 Rxc6 68. Bxc6 Kxf7 69. Kg4 Ke6 70. f4 h5+ 
71. Kg5 h4 72. f5+ Kf7 73. Bg2 h3 74. Bxh3 Kg8 75. f6 Kf7 76. Kf5 Kf8 
77. Ke6 Ke8 78. Bf5 Kd8 79. f7 Kc7 80. f8=Q Kb6 81. Qb4+ Ka7 82. Qb5 Ka8 
83. Be4+ Ka7 84. Qb7# 1-0

[Event "Saturday Night Round Robin Blitz 3m+1s Starts at 2200hrs ST"]
[Site "Infinity Chess"]
[Date "2018.4.28"]
[Round "10"]
[White "aleks"]
[Black "ocirema"]
[Result "1/2-1/2"]
[ECO "D15"]
[WhiteElo "2470"]
[BlackElo "2461"]
[WhiteEngine "stockfish_9_x64_popcnt_CTG"]
[BlackEngine "asmFishW_2018-04-25_popcnt"]
[EventType "Round Robin"]
[WhiteTeam ""]
[BlackTeam ""]
[PlyCount "103"]
[TimeControl "180+1"]

1. d4 d5 2. c4 c6 3. Nf3 Nf6 4. Nc3 e6 5. e3 Nbd7 6. Qc2 Bd6 7. Bd3 O-O 
8. O-O dxc4 9. Bxc4 b5 10. Bd3 Bb7 11. a3 a5 12. e4 e5 13. dxe5 Nxe5 
14. Nxe5 Bxe5 15. h3 Ba6 16. Rb1 Re8 17. Rd1 Qe7 18. b4 axb4 19. axb4 Bc8 
20. Ne2 Bd7 21. Be3 Bd6 22. Nd4 Nxe4 23. Nxc6 Bxc6 24. Qxc6 Bxb4 25. Bxb5 Nc3 
26. Rd7 Qe5 27. Qf3 Rf8 28. Rxb4 Nxb5 29. g3 Rad8 30. Rxd8 Rxd8 31. Rg4 g6 
32. Re4 Qd5 33. Qf6 Qd6 34. Bg5 Qxf6 35. Bxf6 Ra8 36. Re7 Nd6 37. Be5 Nf5 
38. Rb7 Ng7 39. g4 h5 40. f3 hxg4 41. fxg4 g5 42. Bb2 Ne6 43. Rb5 Kf8 
44. Bf6 Nf4 45. Kh2 Ra2+ 46. Kh1 Ke8 47. Rxg5 Nxh3 48. Rd5 Nf2+ 49. Kg1 Nh3+ 
50. Kh1 Nf2+ 51. Kg1 Nh3+ 52. Kh1 1/2-1/2

[Event "Saturday Night Round Robin Blitz 3m+1s Starts at 2200hrs ST"]
[Site "Infinity Chess"]
[Date "2018.4.28"]
[Round "10"]
[White "Gilgamesch"]
[Black "beka"]
[Result "1-0"]
[ECO "D30"]
[WhiteElo "2534"]
[BlackElo "2355"]
[WhiteEngine "BrainFish_180408_x64_bmi2"]
[BlackEngine "asmFishW_2018-04-24_base"]
[EventType "Round Robin"]
[WhiteTeam ""]
[BlackTeam ""]
[PlyCount "133"]
[TimeControl "180+1"]

1. d4 d5 2. c4 e6 3. Nf3 Nf6 4. Nc3 dxc4 5. e4 Bb4 6. Bg5 c5 7. Bxc4 cxd4 
8. Nxd4 Bxc3+ 9. bxc3 Qa5 10. Bb5+ Bd7 11. Bxf6 gxf6 12. Qb3 O-O 13. O-O Rd8 
14. c4 a6 15. Qg3+ Kf8 16. Qd6+ Kg8 17. Rfd1 Bxb5 18. Qg3+ Kf8 19. Nb3 Rxd1+ 
20. Rxd1 Qa3 21. cxb5 Qe7 22. Qh3 Kg7 23. Qc3 axb5 24. Qc8 Qb4 25. h4 Rxa2 
26. Rd3 Qe1+ 27. Kh2 Qxf2 28. Rg3+ Qxg3+ 29. Kxg3 Ra3 30. Qxb8 Rxb3+ 31. Kg4 Rc3 
32. Qd6 b6 33. Qxb6 Rc4 34. Kf3 Rc3+ 35. Kf4 Rb3 36. Qd6 Rc3 37. Kg4 Rc2 
38. Qg3 Rc5 39. Kh3+ Kh8 40. Qa3 Rc8 41. Kg4 Kg7 42. Kh5 h6 43. Qg3+ Kh7 
44. Qe3 Rh8 45. Qb6 Kg7 46. Qxb5 e5 47. Qb3 Rg8 48. Qg3+ Kf8 49. Qxg8+ Kxg8 
50. Kg4 Kg7 51. h5 Kf8 52. Kf5 Ke7 53. g4 Kf8 54. Kxf6 Ke8 55. g5 hxg5 56. h6 g4 
57. h7 g3 58. h8=Q+ Kd7 59. Qh3+ Kc7 60. Qxg3 Kb6 61. Kxe5 Kc6 62. Qc3+ Kd7 
63. Qc5 f5 64. Kxf5 Ke8 65. Qc7 Kf8 66. Kf6 Kg8 67. Qg7# 1-0

[Event "Saturday Night Round Robin Blitz 3m+1s Starts at 2200hrs ST"]
[Site "Infinity Chess"]
[Date "2018.4.28"]
[Round "10"]
[White "BlitzMaster"]
[Black "klasman"]
[Result "1/2-1/2"]
[ECO "D30"]
[WhiteElo "2547"]
[BlackElo "2485"]
[WhiteEngine "asmFishW_2018-04-11_popcnt"]
[BlackEngine "asmFishW_2018-04-11_popcnt_CTG"]
[EventType "Round Robin"]
[WhiteTeam ""]
[BlackTeam ""]
[PlyCount "74"]
[TimeControl "180+1"]

1. d4 d5 2. c4 e6 3. Nf3 Nf6 4. Nc3 c6 5. Bg5 h6 6. Bxf6 Qxf6 7. e3 Nd7 
8. Bd3 dxc4 9. Bxc4 g6 10. O-O Bg7 11. e4 Qe7 12. e5 O-O 13. Re1 b5 14. Bd3 Bb7 
15. Be4 Rfd8 16. Qe2 Rac8 17. h3 a5 18. Rac1 Nb6 19. Nb1 a4 20. Nbd2 Bf8 
21. h4 Nd5 22. g3 a3 23. bxa3 c5 24. Qxb5 cxd4 25. Rxc8 Bxc8 26. Nxd4 Qxa3 
27. N2b3 Qxa2 28. Qb8 Qa6 29. Ra1 Qc4 30. Ra8 Re8 31. Qb5 Qxb5 32. Nxb5 Bd7 
33. Rxe8 Bxe8 34. Nd6 Bc6 35. f4 Be7 36. Nd4 Ba8 37. Kf2 Kf8 1/2-1/2

[Event "Saturday Night Round Robin Blitz 3m+1s Starts at 2200hrs ST"]
[Site "Infinity Chess"]
[Date "2018.4.28"]
[Round "10"]
[White "coreoptimist"]
[Black "Chapi1958"]
[Result "1-0"]
[ECO "B90"]
[WhiteElo "2529"]
[BlackElo "2411"]
[WhiteEngine "asmFishW_2018-04-25_bmi2_CTG"]
[BlackEngine "stockfish_9_x64_CTG"]
[EventType "Round Robin"]
[WhiteTeam ""]
[BlackTeam ""]
[PlyCount "197"]
[TimeControl "180+1"]

1. e4 c5 2. Nf3 d6 3. d4 cxd4 4. Nxd4 Nf6 5. Nc3 a6 6. Be3 e5 7. Nb3 Be6 
8. f3 h5 9. Qd2 Nbd7 10. Nd5 Bxd5 11. exd5 g6 12. Be2 Bg7 13. O-O b6 14. c4 O-O 
15. Rae1 Re8 16. Bf2 Qc7 17. Bd3 Rac8 18. h3 Nh7 19. a4 Nc5 20. Nxc5 bxc5 
21. Rb1 Nf6 22. Rfe1 Rb8 23. b3 Nd7 24. Bc2 Qd8 25. Be3 f5 26. Kh1 Rb7 
27. a5 Qe7 28. Re2 Reb8 29. Rg1 h4 30. Qe1 Nf8 31. g4 hxg3 32. Rxg3 Rxb3 
33. Bg5 Qd7 34. Bxb3 Rxb3 35. Qf1 Kf7 36. Reg2 Qa4 37. h4 f4 38. Rg4 Qd7 
39. Qd1 Rb4 40. Qe2 Rb7 41. Rg1 Qf5 42. Kh2 Nd7 43. Qg2 Rb8 44. Qh3 Rh8 
45. Rf1 Bf6 46. Rgg1 Nf8 47. Qxf5 gxf5 48. Kg2 Bxg5 49. hxg5 Ng6 50. Rb1 Nh4+ 
51. Kf2 Kg6 52. Rb6 Rd8 53. Re1 Kxg5 54. Rxa6 e4 55. fxe4 fxe4 56. Rxe4 Nf5 
57. Re1 Nh6 58. Kf3 Nf7 59. Ra7 Ne5+ 60. Ke4 f3 61. a6 Re8 62. Rg1+ Kf6 
63. Rb7 f2 64. Rf1 Nxc4+ 65. Kd3 Ne5+ 66. Kd2 Kf5 67. a7 Ra8 68. Ke2 c4 
69. Ra1 Ke4 70. Rb8 Rxa7 71. Rxa7 Kd4 72. Rf8 c3 73. Ra4+ Kxd5 74. Ra5+ Kc4 
75. Rc8+ Kd4 76. Rxe5 dxe5 77. Kxf2 Kd3 78. Rc5 e4 79. Ke1 Kd4 80. Rc8 Kd3 
81. Kd1 e3 82. Rd8+ Ke4 83. Kc2 e2 84. Re8+ Kf3 85. Kxc3 Kf2 86. Kd2 e1=Q+ 
87. Rxe1 Kf3 88. Kd3 Kf4 89. Re4+ Kg5 90. Ke3 Kf5 91. Kf3 Kg6 92. Rf4 Kg5 
93. Kg3 Kh6 94. Rg4 Kh7 95. Kf4 Kh8 96. Kf5 Kh7 97. Kf6 Kh8 98. Kf7 Kh7 99. Rh4# 
1-0

[Event "Saturday Night Round Robin Blitz 3m+1s Starts at 2200hrs ST"]
[Site "Infinity Chess"]
[Date "2018.4.28"]
[Round "9"]
[White "klasman"]
[Black "Chapi1958"]
[Result "1-0 "]
[ECO "A04"]
[WhiteElo "2471"]
[BlackElo "2425"]
[WhiteEngine "asmFishW_2018-04-11_popcnt_CTG"]
[BlackEngine "stockfish_9_x64_CTG"]
[EventType "Round Robin"]
[WhiteTeam ""]
[BlackTeam ""]
[PlyCount "116"]
[TimeControl "180+1"]

1. Nf3 c5 2. e4 d6 3. Nc3 Nf6 4. d4 cxd4 5. Nxd4 a6 6. Be3 e6 7. Qd2 b5 
8. f3 Nbd7 9. O-O-O Bb7 10. g4 h6 11. h4 b4 12. Na4 d5 13. Bh3 Qa5 14. b3 dxe4 
15. g5 hxg5 16. hxg5 exf3 17. Nxe6 fxe6 18. Bxe6 Rxh1 19. Bxd7+ Kf7 20. Rxh1 Ne4 
21. g6+ Kxg6 22. Qh2 f2 23. Nb6 Qa3+ 24. Kd1 Qa5 25. Qh7+ Kf6 26. Rf1 Qe5 
27. Bxf2 Qa1+ 28. Ke2 Nc3+ 29. Kd2 Ne4+ 30. Qxe4 Qc3+ 31. Ke2 Bxe4 32. Bd4+ Kg6 
33. Bxc3 Rd8 34. Bd4 Bxc2 35. Nc4 Bd6 36. Rg1+ Kh6 37. Bc6 Bf4 38. Bxg7+ Kh7 
39. Bb2 Rc8 40. Bf3 Kh6 41. Rh1+ Kg6 42. Ne3 Bxe3 43. Kxe3 Re8+ 44. Kd2 Rc8 
45. Rg1+ Kh6 46. Bg7+ Kh7 47. Be5 Rc5 48. Bd6 Rc8 49. Bxb4 Bf5 50. Ke3 Rd8 
51. Ba5 Rc8 52. Bd5 Re8+ 53. Kd4 Kh6 54. Bd2+ Kh7 55. Bc4 Re4+ 56. Kc5 Re8 
57. Bxa6 Rd8 58. Bc3 Be4 1-0

[Event "Saturday Night Round Robin Blitz 3m+1s Starts at 2200hrs ST"]
[Site "Infinity Chess"]
[Date "2018.4.28"]
[Round "9"]
[White "beka"]
[Black "BlitzMaster"]
[Result "0-1"]
[ECO "C56"]
[WhiteElo "2364"]
[BlackElo "2538"]
[WhiteEngine "Eman 1.70-beta21 64-bit"]
[BlackEngine "asmFishW_2018-04-11_popcnt"]
[EventType "Round Robin"]
[WhiteTeam ""]
[BlackTeam ""]
[PlyCount "107"]
[TimeControl "180+1"]

1. e4 e5 2. Nf3 Nc6 3. Bc4 Nf6 4. d4 exd4 5. O-O Nxe4 6. Re1 d5 7. Bxd5 Qxd5 
8. Nc3 Qd7 9. Nxe4 Be7 10. Bg5 O-O 11. Bxe7 Qxe7 12. Nxd4 Bd7 13. Nc3 Qb4 
14. Ndb5 Rad8 15. Nxc7 Qxb2 16. N3d5 Qd4 17. c3 Qc5 18. Qd3 Be6 19. Rad1 Bxd5 
20. Nxd5 Kh8 21. a4 a6 22. c4 h6 23. g3 f6 24. Rb1 Ne5 25. Qe4 Qxc4 
26. Qxc4 Nxc4 27. Nf4 Nd2 28. Ne6 Nf3+ 29. Kf1 Nxe1 30. Nxd8 Rxd8 31. Kxe1 Rd4 
32. a5 Ra4 33. Rxb7 h5 34. Kd2 Ra2+ 35. Ke3 Kh7 36. Ra7 Rxa5 37. Ke4 Ra4+ 
38. Kf5 Ra2 39. f4 Kh6 40. h3 Ra5+ 41. Ke4 Kg6 42. f5+ Kh6 43. Ra8 Kg5 
44. Rg8 Re5+ 45. Kd3 Re7 46. Ra8 h4 47. gxh4+ Kxh4 48. Rxa6 Kxh3 49. Ra1 Kg4 
50. Rf1 Re5 51. Kd4 Rxf5 52. Rg1+ Kf4 53. Rf1+ Kg5 54. Rg1+ 0-1

[Event "Saturday Night Round Robin Blitz 3m+1s Starts at 2200hrs ST"]
[Site "Infinity Chess"]
[Date "2018.4.28"]
[Round "9"]
[White "ocirema"]
[Black "Gilgamesch"]
[Result "1/2-1/2"]
[ECO "D02"]
[WhiteElo "2458"]
[BlackElo "2537"]
[WhiteEngine "asmFishW_2018-04-25_popcnt"]
[BlackEngine "BrainFish_180408_x64_bmi2"]
[EventType "Round Robin"]
[WhiteTeam ""]
[BlackTeam ""]
[PlyCount "104"]
[TimeControl "180+1"]

1. d4 d5 2. Nf3 Nf6 3. c4 e6 4. Nc3 c6 5. e3 Nbd7 6. Qc2 Bd6 7. Be2 O-O 
8. O-O b6 9. Rd1 Bb7 10. e4 Nxe4 11. Nxe4 dxe4 12. Qxe4 Qc7 13. Bd3 g6 
14. Qh4 c5 15. d5 exd5 16. cxd5 Rfe8 17. b4 Ne5 18. Ng5 f6 19. Ne6 Qf7 
20. bxc5 Bxd5 21. cxd6 Rxe6 22. Ba3 Nxd3 23. Rxd3 Re4 24. Qh6 Qe6 25. h3 Rd8 
26. Rc1 Bc4 27. Rdd1 Rd7 28. Qd2 Kg7 29. Re1 Qd5 30. Qb4 Rxe1+ 31. Qxe1 Bb5 
32. Qb4 g5 33. Qb1 Qd3 34. Qb2 h5 35. Rc3 Qd1+ 36. Kh2 Qd5 37. f4 g4 
38. hxg4 hxg4 39. Rc7 Qd3 40. Rc3 Qd5 41. Qc2 Rf7 42. Re3 Bd7 43. Re7 Rxe7 
44. dxe7 Qd4 45. Qc7 Kf7 46. Bd6 g3+ 47. Kxg3 Qd3+ 48. Kh2 Qh7+ 49. Kg1 Qb1+ 
50. Kh2 Qh7+ 51. Kg1 Qb1+ 52. Kh2 Qh7+ 1/2-1/2

[Event "Saturday Night Round Robin Blitz 3m+1s Starts at 2200hrs ST"]
[Site "Infinity Chess"]
[Date "2018.4.28"]
[Round "9"]
[White "kolelo"]
[Black "aleks"]
[Result "1-0"]
[ECO "B23"]
[WhiteElo "2474"]
[BlackElo "2487"]
[WhiteEngine "stockfish_9_x64_popcnt"]
[BlackEngine "stockfish_9_x64_popcnt_CTG"]
[EventType "Round Robin"]
[WhiteTeam ""]
[BlackTeam ""]
[PlyCount "95"]
[TimeControl "180+1"]

1. e4 c5 2. Nc3 d6 3. Nf3 Nf6 4. d4 cxd4 5. Nxd4 a6 6. h3 e6 7. g4 h6 8. Bg2 Be7 
9. Be3 Nc6 10. f4 Nd7 11. Nxc6 bxc6 12. Qd2 O-O 13. O-O-O Nb6 14. Bf1 Rb8 
15. Rg1 Nd7 16. Kb1 d5 17. g5 hxg5 18. Be2 a5 19. h4 Bc5 20. b3 Bxe3 
21. Qxe3 gxf4 22. Qxf4 f5 23. h5 Qf6 24. h6 g6 25. Bh5 fxe4 26. Qg3 Ne5 
27. Bxg6 Nxg6 28. Qxb8 Kh7 29. Qc7+ Qf7 30. Qxc6 Qe8 31. Qc5 Rf6 32. Rdf1 Rf3 
33. Rxf3 exf3 34. Rg3 Qf7 35. Qf2 e5 36. Rxf3 Nf4 37. Qe3 Qe6 38. Qc5 a4 
39. Nxa4 Qe8 40. Rg3 Ng6 41. Nb6 Be6 42. Nxd5 Qf7 43. Ne3 Qf2 44. Qa7+ Qf7 
45. Qb6 Bd7 46. a4 Qe6 47. Qd8 Kxh6 48. Nd5 1-0

[Event "Saturday Night Round Robin Blitz 3m+1s Starts at 2200hrs ST"]
[Site "Infinity Chess"]
[Date "2018.4.28"]
[Round "9"]
[White "Dovahkiin"]
[Black "HerzsjeMZ"]
[Result "1/2-1/2"]
[ECO "C50"]
[WhiteElo "2474"]
[BlackElo "2501"]
[WhiteEngine "BrainFish_180423_x64_modern_CTG"]
[BlackEngine "SugaR.XPrO.1.4.64.POCNT"]
[EventType "Round Robin"]
[WhiteTeam ""]
[BlackTeam ""]
[PlyCount "80"]
[TimeControl "180+1"]

1. e4 e5 2. Nf3 Nc6 3. Bc4 Bc5 4. O-O Nf6 5. d3 d6 6. c3 O-O 7. Bg5 a5 
8. Nbd2 Ba7 9. Bh4 Ne7 10. Bxf6 gxf6 11. Re1 Ng6 12. d4 Kh8 13. Nf1 Bg4 
14. Ne3 Bxf3 15. Qxf3 exd4 16. cxd4 Bxd4 17. Nf5 Ne5 18. Qe2 Bc5 19. a3 Nxc4 
20. Qxc4 Qe8 21. Qe2 Rg8 22. Kh1 Qe5 23. Rad1 Rae8 24. f3 Qe6 25. Qb5 b6 
26. Qc6 Rc8 27. Qa4 Rce8 28. Qc6 Rc8 29. Rd3 Qe8 30. Qd5 Rg6 31. Qb3 a4 
32. Qc2 b5 33. Qe2 Rb8 34. f4 b4 35. Rh3 d5 36. Qh5 Qg8 37. Nh6 Qg7 38. Nf5 Qg8 
39. Nh6 Qf8 40. Nf5 Qg8 1/2-1/2